[ AOE2 MATCH · #464227335 ]
Team RMVietnamese vs Burgundians
[ REPLAY ANALYSIS · EXTRACTED FROM THE RECORDED GAME ]
Feudal
12:07
Castle
24:32
Imperial
—
| APM avg | 14.0 |
| APM peak | 36 |
| eAPM avg | 8.5 |
| Villagers / military | 50 / 31 |
Focus
⚔️ 19.6% · 🌾 80.4%
Archer ×30 · Monk ×1
Feudal
14:10
Castle
21:29
Imperial
—
| APM avg | 23.0 |
| APM peak | 64 |
| eAPM avg | 13.9 |
| Villagers / military | 97 / 26 |
Focus
⚔️ 16.9% · 🌾 83.1%
Knight ×22 · Flemish Militia ×3 · Spearman ×1
Feudal
11:07
Castle
21:03
Imperial
—
| APM avg | 19.2 |
| APM peak | 58 |
| eAPM avg | 13.6 |
| Villagers / military | 134 / 1 |
Focus
⚔️ 9.5% · 🌾 90.5%
Unknown (1968) ×42 · Monk ×1
Feudal
12:44
Castle
23:53
Imperial
33:36
| APM avg | 18.0 |
| APM peak | 34 |
| eAPM avg | 11.3 |
| Villagers / military | 62 / 7 |
Focus
⚔️ 17.6% · 🌾 82.4%
Unknown (2550) ×12 · Spearman ×7
Feudal
10:35
Castle
19:56
Imperial
—
| APM avg | 18.9 |
| APM peak | 44 |
| eAPM avg | 12.4 |
| Villagers / military | 110 / 12 |
Focus
⚔️ 8.8% · 🌾 91.2%
War Wagon ×7 · Fire Lancer ×5
Feudal
11:35
Castle
19:06
Imperial
—
| APM avg | 28.2 |
| APM peak | 71 |
| eAPM avg | 11.1 |
| Villagers / military | 77 / 24 |
Focus
⚔️ 14.9% · 🌾 85.1%
Knight ×13 · Spearman ×4 · War Elephant ×4 · Camel Scout ×3
Feudal
11:54
Castle
16:47
Imperial
—
| APM avg | 12.3 |
| APM peak | 37 |
| eAPM avg | 6.5 |
| Villagers / military | 34 / 0 |
Focus
⚔️ 1.4% · 🌾 98.6%
Feudal
11:38
Castle
19:52
Imperial
—
| APM avg | 19.5 |
| APM peak | 52 |
| eAPM avg | 12.0 |
| Villagers / military | 91 / 39 |
Focus
⚔️ 15.8% · 🌾 84.2%
Spearman ×28 · Cavalry Archer ×5 · Skirmisher ×4 · Archer ×2 · Trade Cart ×1
Match map
Initial resources + every placement click. Lines = walls · curves = elevation contours. ◆ gold · ⬟ stone · ● berries · ✦ relic · ◌ wall gap
Inputs per minute
— Umbra - - Lubuntu10.04LTS
Build order — Umbra
First 150 of 158 actions detected
| 0:26 | Build | House |
| 0:28 | Build | House |
| 0:32 | Create | Villager (Male) |
| 0:33 | Create | Villager (Male) |
| 0:33 | Create | Villager (Male) |
| 0:56 | Create | Villager (Male) |
| 1:58 | Create | Villager (Male) |
| 2:26 | Build | Lumber Camp |
| 2:51 | Create | Villager (Male) |
| 2:52 | Create | Villager (Male) |
| 3:35 | Create | Villager (Male) |
| 4:30 | Build | House |
| 4:32 | Create | Villager (Male) |
| 4:33 | Create | Villager (Male) |
| 5:10 | Build | Lumber Camp |
| 5:13 | Create | Villager (Male) |
| 5:26 | Create | Villager (Male) |
| 6:26 | Create | Villager (Male) |
| 6:27 | Create | Villager (Male) |
| 7:27 | Create | Villager (Male) |
| 7:59 | Research | Loom |
| 8:31 | Build | Mill |
| 9:32 | Create | Villager (Male) |
| 9:53 | Create | Villager (Male) |
| 9:57 | Research | Feudal Age |
| 10:41 | Build | Mill |
| 12:07 | Age | Feudal Age |
| 12:08 | Build | House |
| 12:14 | Research | Double-Bit Axe |
| 12:19 | Create | Villager (Male) |
| 12:20 | Create | Villager (Male) |
| 12:34 | Build | House |
| 13:24 | Create | Villager (Male) |
| 13:29 | Research | Horse Collar |
| 13:39 | Create | Villager (Male) |
| 13:39 | Create | Villager (Male) |
| 13:45 | Build | Mining Camp |
| 13:50 | Create | Villager (Male) |
| 14:01 | Build | Farm |
| 14:02 | Build | Farm |
| 14:04 | Build | Farm |
| 14:06 | Build | Farm |
| 14:07 | Build | Farm |
| 14:12 | Build | Farm |
| 14:13 | Build | Farm |
| 14:16 | Build | Farm |
| 14:26 | Create | Villager (Male) |
| 14:26 | Create | Villager (Male) |
| 14:37 | Build | Barracks |
| 14:48 | Create | Villager (Male) |
| 15:10 | Create | Villager (Male) |
| 15:27 | Build | Farm |
| 15:45 | Build | Blacksmith |
| 16:01 | Build | Farm |
| 16:08 | Build | Farm |
| 16:11 | Build | Farm |
| 16:33 | Build | Farm |
| 16:44 | Build | Farm |
| 16:55 | Build | Farm |
| 17:13 | Build | House |
| 17:27 | Build | House |
| 17:35 | Research | Fletching |
| 18:02 | Build | Archery Range |
| 18:09 | Create | Villager (Male) |
| 18:16 | Create | Villager (Male) |
| 18:42 | Build | Mill |
| 18:47 | Build | Farm |
| 18:51 | Create | Villager (Male) |
| 19:16 | Build | Archery Range |
| 19:20 | Create | Archer |
| 19:21 | Create | Archer |
| 19:57 | Build | Archery Range |
| 20:13 | Create | Archer |
| 20:14 | Create | Archer |
| 20:14 | Create | Archer |
| 20:20 | Research | Padded Archer Armor |
| 21:12 | Build | House |
| 21:14 | Build | House |
| 21:15 | Build | House |
| 21:52 | Research | Castle Age |
| 22:02 | Research | Gold Mining |
| 22:38 | Build | Lumber Camp |
| 22:58 | Create | Archer |
| 22:59 | Create | Archer |
| 22:59 | Create | Archer |
| 23:15 | Build | Lumber Camp |
| 23:25 | Research | Stone Mining |
| 23:43 | Build | Archery Range |
| 24:32 | Age | Castle Age |
| 24:36 | Build | Monastery |
| 24:52 | Create | Villager (Male) |
| 24:53 | Create | Villager (Male) |
| 25:31 | Build | Town Center |
| 25:38 | Create | Villager (Male) |
| 25:39 | Create | Villager (Male) |
| 25:44 | Research | Bow Saw |
| 26:00 | Research | Heavy Plow |
| 26:07 | Research | Crossbowman (upgrade) |
| 26:10 | Research | Thumb Ring |
| 26:25 | Build | House |
| 26:41 | Create | Villager (Male) |
| 26:44 | Create | Villager (Male) |
| 26:51 | Build | Lumber Camp |
| 27:05 | Create | Archer |
| 27:05 | Create | Archer |
| 27:07 | Create | Archer |
| 27:14 | Create | Villager (Male) |
| 27:15 | Create | Villager (Male) |
| 27:16 | Create | Villager (Male) |
| 27:17 | Create | Villager (Male) |
| 27:19 | Create | Villager (Male) |
| 27:22 | Research | Bodkin Arrow |
| 27:49 | Create | Villager (Male) |
| 28:16 | Build | Mining Camp |
| 28:20 | Create | Villager (Male) |
| 28:20 | Create | Villager (Male) |
| 28:20 | Create | Villager (Male) |
| 28:24 | Create | Archer |
| 28:35 | Create | Monk |
| 29:03 | Create | Villager (Male) |
| 29:07 | Create | Archer |
| 29:08 | Create | Archer |
| 29:08 | Create | Archer |
| 29:08 | Create | Archer |
| 29:27 | Build | University |
| 29:34 | Create | Archer |
| 29:34 | Create | Archer |
| 29:34 | Create | Archer |
| 30:47 | Build | House |
| 31:00 | Create | Archer |
| 31:00 | Create | Archer |
| 31:00 | Create | Archer |
| 31:00 | Create | Archer |
| 31:15 | Build | Farm |
| 31:37 | Research | Wheelbarrow |
| 31:40 | Create | Villager (Male) |
| 31:40 | Create | Villager (Male) |
| 31:48 | Research | Stone Shaft Mining |
| 31:54 | Build | House |
| 31:56 | Build | House |
| 32:17 | Build | Stone Wall |
| 32:30 | Research | Leather Archer Armor |
| 32:32 | Create | Archer |
| 32:32 | Create | Archer |
| 32:32 | Create | Archer |
| 32:33 | Create | Archer |
| 32:33 | Create | Archer |
| 32:33 | Create | Archer |
| 32:33 | Create | Archer |
| 33:17 | Build | House |
Build order — Lubuntu10.04LTS
First 150 of 227 actions detected
| 0:02 | Create | Villager (Male) |
| 0:02 | Create | Villager (Male) |
| 0:05 | Build | House |
| 0:07 | Build | House |
| 0:22 | Create | Villager (Male) |
| 0:22 | Create | Villager (Male) |
| 0:22 | Create | Villager (Male) |
| 0:22 | Create | Villager (Male) |
| 1:32 | Create | Villager (Male) |
| 2:07 | Create | Villager (Male) |
| 2:07 | Create | Villager (Male) |
| 2:07 | Create | Villager (Male) |
| 2:13 | Build | Lumber Camp |
| 2:48 | Research | Double-Bit Axe |
| 2:53 | Create | Villager (Male) |
| 3:15 | Create | Villager (Male) |
| 3:34 | Create | Villager (Male) |
| 3:34 | Create | Villager (Male) |
| 3:42 | Build | House |
| 4:10 | Create | Villager (Male) |
| 4:10 | Create | Villager (Male) |
| 4:43 | Create | Villager (Male) |
| 5:05 | Create | Villager (Male) |
| 5:05 | Create | Villager (Male) |
| 5:05 | Create | Villager (Male) |
| 5:23 | Build | Mill |
| 5:36 | Create | Villager (Male) |
| 5:36 | Create | Villager (Male) |
| 5:49 | Create | Villager (Male) |
| 5:49 | Create | Villager (Male) |
| 6:07 | Create | Villager (Male) |
| 6:36 | Create | Villager (Male) |
| 6:36 | Create | Villager (Male) |
| 6:50 | Build | Mill |
| 6:56 | Build | House |
| 7:00 | Research | Wheelbarrow |
| 7:43 | Create | Villager (Male) |
| 7:43 | Create | Villager (Male) |
| 8:10 | Research | Horse Collar |
| 8:18 | Build | Barracks |
| 8:30 | Build | House |
| 8:32 | Build | House |
| 8:38 | Create | Villager (Male) |
| 8:38 | Create | Villager (Male) |
| 9:19 | Create | Villager (Male) |
| 9:42 | Build | Mining Camp |
| 9:45 | Create | Villager (Male) |
| 9:48 | Build | House |
| 9:51 | Build | House |
| 9:55 | Build | House |
| 9:58 | Create | Villager (Male) |
| 10:18 | Research | Loom |
| 10:50 | Create | Villager (Male) |
| 10:52 | Build | House |
| 10:55 | Build | House |
| 10:57 | Build | House |
| 10:59 | Build | House |
| 11:02 | Build | House |
| 11:19 | Research | Feudal Age |
| 11:47 | Build | House |
| 11:50 | Build | House |
| 11:52 | Build | House |
| 12:14 | Build | Farm |
| 12:23 | Build | Palisade Wall |
| 12:28 | Build | Palisade Wall |
| 12:42 | Build | Building 800 |
| 12:49 | Research | Gold Mining |
| 13:33 | Build | Palisade Wall |
| 13:59 | Build | Farm |
| 14:07 | Build | Farm |
| 14:09 | Build | Farm |
| 14:10 | Build | Farm |
| 14:10 | Age | Feudal Age |
| 14:14 | Create | Villager (Male) |
| 14:14 | Create | Villager (Male) |
| 14:36 | Build | Mill |
| 14:52 | Build | Lumber Camp |
| 14:56 | Create | Villager (Male) |
| 14:58 | Research | Bow Saw |
| 15:10 | Build | Palisade Wall |
| 15:16 | Build | Palisade Gate |
| 15:27 | Create | Villager (Male) |
| 15:27 | Create | Villager (Male) |
| 15:54 | Build | Lumber Camp |
| 15:57 | Create | Villager (Male) |
| 15:57 | Create | Villager (Male) |
| 15:59 | Create | Villager (Male) |
| 16:35 | Create | Villager (Male) |
| 16:52 | Build | Mill |
| 17:05 | Build | Blacksmith |
| 17:10 | Create | Villager (Male) |
| 17:40 | Create | Villager (Male) |
| 17:49 | Build | Farm |
| 17:50 | Build | Farm |
| 18:00 | Build | Stable |
| 18:17 | Build | Farm |
| 18:21 | Research | Scale Barding Armor |
| 18:22 | Research | Forging |
| 18:47 | Research | Castle Age |
| 18:47 | Research | Castle Age |
| 18:47 | Research | Castle Age |
| 19:09 | Build | Mill |
| 19:27 | Build | Stable |
| 19:30 | Build | Stable |
| 19:58 | Build | House |
| 21:16 | Build | Mining Camp |
| 21:23 | Create | Villager (Male) |
| 21:23 | Create | Villager (Male) |
| 21:29 | Age | Castle Age |
| 21:37 | Build | Town Center |
| 21:49 | Build | Town Center |
| 21:53 | Create | Villager (Male) |
| 21:53 | Create | Villager (Male) |
| 21:56 | Research | Two-Man Saw |
| 21:59 | Research | Cavalier (upgrade) |
| 22:01 | Research | Husbandry |
| 22:08 | Create | Knight |
| 22:08 | Create | Knight |
| 22:09 | Create | Knight |
| 22:17 | Research | Chain Barding Armor |
| 22:37 | Create | Knight |
| 22:37 | Create | Knight |
| 22:38 | Create | Knight |
| 22:45 | Create | Flemish Militia |
| 22:45 | Create | Flemish Militia |
| 22:45 | Create | Flemish Militia |
| 22:53 | Create | Knight |
| 22:54 | Create | Knight |
| 23:20 | Create | Knight |
| 23:21 | Create | Knight |
| 23:23 | Create | Villager (Male) |
| 23:23 | Create | Villager (Male) |
| 23:30 | Create | Knight |
| 23:30 | Create | Knight |
| 23:35 | Create | Spearman |
| 23:55 | Create | Villager (Male) |
| 23:55 | Create | Villager (Male) |
| 24:00 | Create | Villager (Male) |
| 24:01 | Create | Villager (Male) |
| 24:30 | Build | Palisade Gate |
| 24:32 | Create | Villager (Male) |
| 24:32 | Create | Villager (Male) |
| 24:33 | Create | Villager (Male) |
| 24:34 | Create | Villager (Male) |
| 24:41 | Create | Knight |
| 25:00 | Create | Villager (Male) |
| 25:01 | Create | Villager (Male) |
| 25:13 | Build | Farm |
| 25:14 | Build | Farm |
| 25:21 | Build | Farm |
Build order — 打你芭芭有违孝道
First 150 of 304 actions detected
| 0:02 | Create | Villager (Male) |
| 0:03 | Create | Villager (Male) |
| 0:03 | Create | Villager (Male) |
| 0:03 | Create | Villager (Male) |
| 0:06 | Build | House |
| 0:08 | Build | House |
| 1:42 | Create | Villager (Male) |
| 1:42 | Create | Villager (Male) |
| 1:46 | Build | Lumber Camp |
| 2:18 | Create | Villager (Male) |
| 2:19 | Create | Villager (Male) |
| 2:19 | Create | Villager (Male) |
| 2:23 | Create | Villager (Male) |
| 2:23 | Create | Villager (Male) |
| 2:24 | Create | Villager (Male) |
| 2:59 | Create | Villager (Male) |
| 2:59 | Create | Villager (Male) |
| 2:59 | Create | Villager (Male) |
| 3:24 | Create | Villager (Male) |
| 3:24 | Create | Villager (Male) |
| 3:24 | Create | Villager (Male) |
| 3:45 | Create | Villager (Male) |
| 3:45 | Create | Villager (Male) |
| 3:45 | Create | Villager (Male) |
| 3:51 | Build | Mill |
| 4:05 | Create | Villager (Male) |
| 4:06 | Create | Villager (Male) |
| 4:44 | Build | House |
| 4:49 | Create | Villager (Male) |
| 4:50 | Create | Villager (Male) |
| 5:14 | Create | Villager (Male) |
| 5:14 | Create | Villager (Male) |
| 5:53 | Create | Villager (Male) |
| 5:53 | Create | Villager (Male) |
| 5:53 | Create | Villager (Male) |
| 5:54 | Create | Villager (Male) |
| 5:54 | Create | Villager (Male) |
| 5:54 | Create | Villager (Male) |
| 5:58 | Build | House |
| 6:25 | Create | Villager (Male) |
| 6:25 | Create | Villager (Male) |
| 6:51 | Build | Mining Camp |
| 7:02 | Create | Villager (Male) |
| 7:38 | Create | Villager (Male) |
| 7:59 | Create | Villager (Male) |
| 8:11 | Build | Mill |
| 8:31 | Build | House |
| 8:57 | Research | Feudal Age |
| 8:57 | Research | Feudal Age |
| 9:40 | Build | Mining Camp |
| 11:07 | Age | Feudal Age |
| 11:15 | Create | Villager (Male) |
| 11:16 | Create | Villager (Male) |
| 11:22 | Build | Mill |
| 11:46 | Research | Loom |
| 11:47 | Create | Villager (Male) |
| 11:47 | Create | Villager (Male) |
| 11:47 | Create | Villager (Male) |
| 12:12 | Research | Double-Bit Axe |
| 12:18 | Research | Horse Collar |
| 12:59 | Build | Farm |
| 13:25 | Build | Farm |
| 13:32 | Build | House |
| 13:53 | Build | Farm |
| 13:59 | Create | Villager (Male) |
| 14:00 | Create | Villager (Male) |
| 14:05 | Build | Farm |
| 14:48 | Create | Villager (Male) |
| 14:48 | Create | Villager (Male) |
| 15:02 | Build | Market |
| 15:23 | Build | Blacksmith |
| 15:31 | Create | Villager (Male) |
| 15:42 | Build | House |
| 16:24 | Build | Mill |
| 16:37 | Create | Villager (Male) |
| 16:53 | Build | Farm |
| 16:56 | Build | Farm |
| 17:02 | Build | Barracks |
| 17:07 | Create | Villager (Male) |
| 17:18 | Build | Farm |
| 17:33 | Create | Villager (Male) |
| 17:56 | Create | Villager (Male) |
| 18:13 | Build | Farm |
| 18:17 | Research | Castle Age |
| 18:37 | Build | Mining Camp |
| 19:14 | Build | Stone Wall |
| 19:27 | Build | Mining Camp |
| 20:14 | Build | Stone Wall |
| 21:01 | Create | Villager (Male) |
| 21:02 | Create | Villager (Male) |
| 21:02 | Create | Villager (Male) |
| 21:03 | Age | Castle Age |
| 21:03 | Create | Villager (Male) |
| 21:03 | Create | Villager (Male) |
| 21:04 | Create | Villager (Male) |
| 21:05 | Create | Villager (Male) |
| 21:17 | Build | Town Center |
| 21:24 | Build | Town Center |
| 21:55 | Build | House |
| 21:58 | Build | House |
| 21:59 | Build | House |
| 22:00 | Build | House |
| 22:15 | Build | Monastery |
| 22:27 | Create | Villager (Male) |
| 22:27 | Create | Villager (Male) |
| 22:27 | Create | Villager (Male) |
| 22:41 | Create | Villager (Male) |
| 22:41 | Create | Villager (Male) |
| 22:41 | Create | Villager (Male) |
| 22:42 | Create | Villager (Male) |
| 22:54 | Create | Villager (Male) |
| 23:11 | Create | Monk |
| 23:19 | Build | Mining Camp |
| 23:22 | Create | Villager (Male) |
| 23:22 | Create | Villager (Male) |
| 23:23 | Create | Villager (Male) |
| 23:24 | Create | Villager (Male) |
| 23:25 | Create | Villager (Male) |
| 23:34 | Build | Farm |
| 23:34 | Build | Farm |
| 23:35 | Build | Farm |
| 23:35 | Build | Farm |
| 23:35 | Build | Farm |
| 23:36 | Build | Farm |
| 23:36 | Build | Farm |
| 23:37 | Build | Farm |
| 23:37 | Build | Farm |
| 23:46 | Create | Villager (Male) |
| 23:55 | Build | Stone Wall |
| 24:02 | Build | Building 673 |
| 24:11 | Create | Villager (Male) |
| 24:17 | Create | Villager (Male) |
| 24:51 | Build | Castle |
| 25:28 | Create | Villager (Male) |
| 25:28 | Create | Villager (Male) |
| 25:28 | Create | Villager (Male) |
| 25:39 | Create | Villager (Male) |
| 25:41 | Create | Villager (Male) |
| 25:48 | Research | Wheelbarrow |
| 25:48 | Research | Wheelbarrow |
| 25:56 | Build | Town Center |
| 25:58 | Create | Villager (Male) |
| 26:14 | Create | Villager (Male) |
| 26:17 | Create | Villager (Male) |
| 26:34 | Create | Villager (Male) |
| 26:41 | Create | Villager (Male) |
| 26:51 | Create | Villager (Male) |
| 26:59 | Build | House |
| 26:59 | Build | House |
| 26:59 | Build | House |
Build order — Wannabes薬
First 150 of 161 actions detected
| 0:03 | Build | House |
| 0:05 | Build | House |
| 0:07 | Create | Villager (Male) |
| 0:07 | Create | Villager (Male) |
| 0:08 | Create | Villager (Male) |
| 0:08 | Create | Villager (Male) |
| 1:48 | Create | Villager (Male) |
| 2:13 | Create | Villager (Male) |
| 2:18 | Create | Villager (Male) |
| 2:19 | Create | Villager (Male) |
| 3:08 | Create | Villager (Male) |
| 3:08 | Create | Villager (Male) |
| 3:53 | Create | Villager (Male) |
| 4:00 | Build | Settlement |
| 4:05 | Create | Villager (Male) |
| 5:04 | Create | Villager (Male) |
| 5:34 | Create | Villager (Male) |
| 5:55 | Create | Villager (Male) |
| 6:09 | Build | House |
| 6:10 | Build | House |
| 6:38 | Create | Villager (Male) |
| 6:52 | Build | Settlement |
| 7:15 | Create | Villager (Male) |
| 7:48 | Create | Villager (Male) |
| 8:17 | Build | Farm |
| 8:22 | Create | Villager (Male) |
| 8:29 | Research | Loom |
| 8:56 | Build | Farm |
| 9:19 | Create | Villager (Male) |
| 9:42 | Create | Villager (Male) |
| 10:24 | Build | Farm |
| 10:25 | Build | Farm |
| 10:34 | Research | Feudal Age |
| 11:24 | Create | Villager (Male) |
| 11:33 | Build | Farm |
| 11:34 | Build | Farm |
| 11:34 | Build | Farm |
| 11:34 | Build | Farm |
| 11:35 | Build | Farm |
| 11:46 | Build | Farm |
| 11:49 | Build | Farm |
| 11:57 | Build | Outpost |
| 12:44 | Age | Feudal Age |
| 12:47 | Build | Outpost |
| 12:52 | Build | Barracks |
| 12:58 | Create | Villager (Male) |
| 13:11 | Build | Blacksmith |
| 13:47 | Create | Unit 2550 |
| 13:48 | Create | Unit 2550 |
| 13:52 | Research | Tech 1402 |
| 13:57 | Create | Villager (Male) |
| 13:58 | Create | Villager (Male) |
| 14:01 | Create | Villager (Male) |
| 14:09 | Build | Market |
| 14:33 | Build | Barracks |
| 14:43 | Create | Villager (Male) |
| 14:44 | Create | Unit 2550 |
| 14:45 | Create | Unit 2550 |
| 14:51 | Research | Forging |
| 15:16 | Create | Villager (Male) |
| 15:30 | Create | Unit 2550 |
| 15:35 | Create | Unit 2550 |
| 15:36 | Create | Unit 2550 |
| 15:37 | Create | Villager (Male) |
| 15:40 | Build | Farm |
| 15:41 | Build | Farm |
| 16:09 | Build | House |
| 16:25 | Create | Villager (Male) |
| 16:29 | Build | House |
| 16:38 | Build | Farm |
| 17:00 | Research | Scale Mail Armor |
| 17:58 | Create | Villager (Male) |
| 17:58 | Create | Villager (Male) |
| 18:00 | Create | Villager (Male) |
| 18:13 | Create | Unit 2550 |
| 18:28 | Create | Villager (Male) |
| 18:32 | Build | Farm |
| 18:33 | Build | Farm |
| 19:06 | Create | Villager (Male) |
| 19:25 | Build | Settlement |
| 19:36 | Research | Horse Collar |
| 19:37 | Build | Farm |
| 19:40 | Create | Villager (Male) |
| 20:17 | Create | Unit 2550 |
| 20:17 | Create | Unit 2550 |
| 20:42 | Create | Villager (Male) |
| 20:50 | Build | Farm |
| 20:52 | Build | Farm |
| 21:00 | Create | Villager (Male) |
| 21:01 | Create | Villager (Male) |
| 21:11 | Research | Castle Age |
| 21:40 | Research | Double-Bit Axe |
| 21:45 | Research | Stone Mining |
| 23:43 | Create | Villager (Male) |
| 23:44 | Create | Villager (Male) |
| 23:51 | Build | Outpost |
| 23:53 | Age | Castle Age |
| 24:25 | Build | Outpost |
| 24:28 | Create | Villager (Male) |
| 24:29 | Create | Villager (Male) |
| 24:50 | Build | Town Center |
| 25:01 | Create | Villager (Male) |
| 25:02 | Create | Villager (Male) |
| 25:16 | Research | Arson |
| 25:20 | Research | Iron Casting |
| 25:40 | Build | House |
| 25:40 | Build | House |
| 25:42 | Build | House |
| 25:43 | Build | House |
| 26:02 | Create | Villager (Male) |
| 26:02 | Create | Villager (Male) |
| 26:04 | Create | Villager (Male) |
| 26:08 | Create | Villager (Male) |
| 26:32 | Research | Tech 1351 |
| 26:36 | Research | Chain Mail Armor |
| 26:38 | Create | Villager (Male) |
| 26:39 | Create | Villager (Male) |
| 26:57 | Build | Castle |
| 27:07 | Create | Unit 2550 |
| 27:08 | Create | Unit 2550 |
| 27:21 | Build | Settlement |
| 27:23 | Create | Villager (Male) |
| 27:24 | Create | Villager (Male) |
| 27:25 | Create | Villager (Male) |
| 27:26 | Create | Villager (Male) |
| 27:34 | Build | Farm |
| 27:35 | Build | Farm |
| 27:36 | Build | Farm |
| 27:43 | Create | Villager (Male) |
| 28:07 | Build | Outpost |
| 28:28 | Build | Settlement |
| 28:45 | Build | Outpost |
| 29:08 | Research | Gold Mining |
| 29:11 | Research | Bow Saw |
| 29:15 | Create | Villager (Male) |
| 29:18 | Build | Farm |
| 29:21 | Build | Farm |
| 29:57 | Create | Spearman |
| 29:57 | Create | Spearman |
| 29:57 | Create | Spearman |
| 30:08 | Research | Pikeman (upgrade) |
| 30:26 | Research | Imperial Age |
| 30:29 | Create | Spearman |
| 30:29 | Create | Spearman |
| 30:29 | Create | Spearman |
| 31:17 | Create | Villager (Male) |
| 31:19 | Create | Villager (Male) |
| 31:41 | Build | Town Center |
| 31:54 | Build | Archery Range |
| 32:07 | Build | Archery Range |
Build order — cruy
First 150 of 229 actions detected
| 0:03 | Create | Villager (Male) |
| 0:04 | Research | Loom |
| 0:04 | Create | Villager (Male) |
| 0:05 | Create | Villager (Male) |
| 0:05 | Create | Villager (Male) |
| 0:09 | Build | House |
| 0:11 | Build | House |
| 1:58 | Create | Villager (Male) |
| 2:50 | Create | Villager (Male) |
| 2:50 | Create | Villager (Male) |
| 3:01 | Build | Mill |
| 3:22 | Create | Villager (Male) |
| 3:51 | Create | Villager (Male) |
| 3:52 | Create | Villager (Male) |
| 4:05 | Create | Villager (Male) |
| 4:05 | Create | Villager (Male) |
| 4:47 | Create | Villager (Male) |
| 4:47 | Create | Villager (Male) |
| 4:48 | Create | Villager (Male) |
| 5:29 | Build | Lumber Camp |
| 5:32 | Create | Villager (Male) |
| 5:51 | Build | House |
| 5:54 | Build | House |
| 6:17 | Create | Villager (Male) |
| 6:19 | Create | Villager (Male) |
| 6:20 | Create | Villager (Male) |
| 7:18 | Create | Villager (Male) |
| 7:50 | Build | Mill |
| 8:25 | Research | Feudal Age |
| 8:58 | Build | Mining Camp |
| 9:29 | Build | House |
| 9:30 | Build | House |
| 9:31 | Build | House |
| 9:33 | Build | House |
| 9:50 | Build | Palisade Wall |
| 10:26 | Create | Villager (Male) |
| 10:26 | Create | Villager (Male) |
| 10:27 | Create | Villager (Male) |
| 10:28 | Create | Villager (Male) |
| 10:29 | Create | Villager (Male) |
| 10:35 | Age | Feudal Age |
| 11:07 | Build | Palisade Wall |
| 11:13 | Build | Palisade Wall |
| 11:25 | Build | Farm |
| 12:44 | Create | Villager (Male) |
| 12:44 | Create | Villager (Male) |
| 13:11 | Build | Mill |
| 13:29 | Create | Villager (Male) |
| 13:32 | Create | Villager (Male) |
| 14:12 | Build | Blacksmith |
| 14:25 | Create | Villager (Male) |
| 15:01 | Create | Villager (Male) |
| 15:03 | Build | Mill |
| 15:26 | Create | Villager (Male) |
| 16:03 | Build | Market |
| 16:13 | Create | Villager (Male) |
| 16:35 | Research | Double-Bit Axe |
| 16:51 | Research | Horse Collar |
| 17:16 | Research | Castle Age |
| 17:20 | Build | Farm |
| 17:21 | Build | Farm |
| 17:21 | Build | Farm |
| 17:30 | Create | Villager (Male) |
| 17:30 | Create | Villager (Male) |
| 17:31 | Create | Villager (Male) |
| 17:54 | Build | Mining Camp |
| 18:04 | Create | Villager (Male) |
| 18:04 | Create | Villager (Male) |
| 18:05 | Create | Villager (Male) |
| 18:53 | Build | Mill |
| 19:00 | Create | Villager (Male) |
| 19:01 | Create | Villager (Male) |
| 19:50 | Research | Wheelbarrow |
| 19:52 | Create | Villager (Male) |
| 19:56 | Age | Castle Age |
| 19:57 | Create | Villager (Male) |
| 20:08 | Build | Town Center |
| 20:20 | Create | Villager (Male) |
| 20:23 | Create | Villager (Male) |
| 21:28 | Build | Castle |
| 21:38 | Create | Villager (Male) |
| 21:39 | Create | Villager (Male) |
| 21:52 | Research | Heavy Plow |
| 22:02 | Create | Villager (Male) |
| 22:08 | Create | Villager (Male) |
| 22:08 | Create | Villager (Male) |
| 22:08 | Create | Villager (Male) |
| 22:14 | Build | House |
| 22:15 | Build | House |
| 22:17 | Build | House |
| 22:28 | Create | Villager (Male) |
| 22:48 | Build | Outpost |
| 23:18 | Build | Mill |
| 23:24 | Build | Farm |
| 23:24 | Build | Farm |
| 23:24 | Build | Farm |
| 23:25 | Build | Farm |
| 23:25 | Build | Farm |
| 23:46 | Create | Villager (Male) |
| 23:48 | Create | Villager (Male) |
| 23:57 | Create | War Wagon |
| 24:05 | Build | Farm |
| 24:05 | Build | Farm |
| 24:06 | Build | Farm |
| 24:06 | Build | Farm |
| 24:06 | Build | Farm |
| 24:10 | Create | Villager (Male) |
| 24:18 | Create | War Wagon |
| 24:25 | Create | War Wagon |
| 24:47 | Create | War Wagon |
| 24:56 | Create | Villager (Male) |
| 24:56 | Create | Villager (Male) |
| 24:58 | Create | Villager (Male) |
| 24:59 | Create | Villager (Male) |
| 25:00 | Create | Villager (Male) |
| 25:02 | Build | Farm |
| 25:03 | Build | Farm |
| 25:03 | Build | Farm |
| 25:03 | Build | Farm |
| 25:03 | Build | Farm |
| 25:04 | Build | Farm |
| 25:04 | Build | Farm |
| 25:04 | Build | Farm |
| 25:07 | Create | Villager (Male) |
| 25:08 | Create | Villager (Male) |
| 25:09 | Create | Villager (Male) |
| 25:26 | Create | War Wagon |
| 25:40 | Build | Monastery |
| 25:44 | Create | Villager (Male) |
| 25:50 | Create | Villager (Male) |
| 25:54 | Create | Villager (Male) |
| 25:54 | Create | Villager (Male) |
| 26:11 | Build | Town Center |
| 26:24 | Create | Villager (Male) |
| 26:25 | Create | Villager (Male) |
| 26:45 | Create | Villager (Male) |
| 26:50 | Build | Farm |
| 26:50 | Build | Farm |
| 26:50 | Build | Farm |
| 26:51 | Build | Farm |
| 26:51 | Build | Farm |
| 26:51 | Build | Farm |
| 26:51 | Build | Farm |
| 26:52 | Build | Farm |
| 27:00 | Create | Villager (Male) |
| 27:11 | Create | War Wagon |
| 27:12 | Create | War Wagon |
| 27:18 | Build | House |
| 27:19 | Build | House |
| 27:20 | Build | House |
Build order — Reegz
First 150 of 169 actions detected
| 0:15 | Build | House |
| 0:19 | Create | Villager (Male) |
| 0:19 | Create | Villager (Male) |
| 0:20 | Create | Villager (Male) |
| 0:20 | Create | Villager (Male) |
| 0:30 | Build | House |
| 0:44 | Create | Villager (Male) |
| 0:44 | Create | Villager (Male) |
| 1:09 | Build | House |
| 1:27 | Create | Villager (Male) |
| 1:27 | Create | Villager (Male) |
| 2:02 | Build | House |
| 2:06 | Build | House |
| 2:58 | Build | Lumber Camp |
| 3:03 | Create | Villager (Male) |
| 3:03 | Create | Villager (Male) |
| 3:04 | Create | Villager (Male) |
| 3:04 | Create | Villager (Male) |
| 3:36 | Create | Villager (Male) |
| 4:09 | Create | Villager (Male) |
| 4:10 | Create | Villager (Male) |
| 4:41 | Create | Villager (Male) |
| 5:14 | Build | Mill |
| 6:12 | Create | Villager (Male) |
| 6:12 | Create | Villager (Male) |
| 6:33 | Create | Villager (Male) |
| 6:33 | Create | Villager (Male) |
| 7:23 | Build | Barracks |
| 7:27 | Create | Villager (Male) |
| 7:28 | Create | Villager (Male) |
| 7:43 | Build | Mill |
| 7:52 | Create | Villager (Male) |
| 8:53 | Build | House |
| 9:30 | Build | Mining Camp |
| 9:31 | Research | Feudal Age |
| 10:53 | Create | Villager (Male) |
| 10:53 | Create | Villager (Male) |
| 11:26 | Create | Villager (Male) |
| 11:35 | Age | Feudal Age |
| 11:36 | Build | Lumber Camp |
| 11:44 | Build | Stable |
| 11:47 | Create | Villager (Male) |
| 11:47 | Create | Villager (Male) |
| 12:05 | Create | Spearman |
| 12:08 | Create | Villager (Male) |
| 12:15 | Build | Farm |
| 12:20 | Build | Farm |
| 12:28 | Research | Double-Bit Axe |
| 12:39 | Build | Blacksmith |
| 12:45 | Create | Spearman |
| 13:01 | Build | Farm |
| 13:03 | Research | Horse Collar |
| 13:13 | Build | Farm |
| 13:37 | Build | Market |
| 13:46 | Build | Palisade Wall |
| 13:58 | Build | Farm |
| 14:03 | Build | Farm |
| 14:35 | Build | House |
| 15:22 | Create | Villager (Male) |
| 15:52 | Build | Farm |
| 16:12 | Build | Stable |
| 16:41 | Research | Castle Age |
| 17:15 | Research | Bloodlines |
| 17:16 | Research | Bloodlines |
| 17:54 | Research | Scale Barding Armor |
| 19:00 | Create | Villager (Male) |
| 19:01 | Create | Villager (Male) |
| 19:01 | Create | Villager (Male) |
| 19:06 | Age | Castle Age |
| 19:14 | Build | Town Center |
| 19:17 | Research | Bow Saw |
| 19:19 | Create | Knight |
| 19:22 | Create | Knight |
| 19:22 | Create | Knight |
| 19:34 | Build | Farm |
| 19:53 | Create | Knight |
| 20:01 | Build | House |
| 20:04 | Build | House |
| 20:10 | Research | Scale Mail Armor |
| 20:20 | Create | Knight |
| 20:20 | Create | Knight |
| 20:45 | Create | Villager (Male) |
| 20:48 | Create | Villager (Male) |
| 20:48 | Create | Villager (Male) |
| 21:07 | Create | Villager (Male) |
| 21:09 | Research | Loom |
| 21:11 | Create | Villager (Male) |
| 21:12 | Create | Villager (Male) |
| 21:17 | Build | Farm |
| 22:19 | Research | Heavy Plow |
| 22:21 | Create | Villager (Male) |
| 22:21 | Create | Villager (Male) |
| 22:25 | Create | Villager (Male) |
| 22:25 | Create | Villager (Male) |
| 23:58 | Research | Wheelbarrow |
| 23:58 | Create | Villager (Male) |
| 23:58 | Create | Villager (Male) |
| 24:01 | Create | Villager (Male) |
| 24:01 | Create | Villager (Male) |
| 24:08 | Build | Town Center |
| 24:14 | Create | Spearman |
| 24:35 | Create | Spearman |
| 24:43 | Create | Camel Scout |
| 24:48 | Create | Camel Scout |
| 25:08 | Build | Castle |
| 25:13 | Create | Villager (Male) |
| 25:46 | Create | Villager (Male) |
| 25:46 | Create | Villager (Male) |
| 25:48 | Create | Villager (Male) |
| 25:48 | Create | Villager (Male) |
| 25:53 | Create | Villager (Male) |
| 25:53 | Create | Villager (Male) |
| 26:23 | Create | Villager (Male) |
| 26:23 | Create | Villager (Male) |
| 26:28 | Build | Farm |
| 26:34 | Research | Gambesons |
| 26:44 | Create | Villager (Male) |
| 26:53 | Build | Farm |
| 27:00 | Build | Farm |
| 27:13 | Create | Camel Scout |
| 27:17 | Create | Knight |
| 27:27 | Create | Villager (Male) |
| 27:38 | Build | Farm |
| 27:59 | Create | Villager (Male) |
| 28:00 | Create | Villager (Male) |
| 28:00 | Create | Villager (Male) |
| 28:01 | Create | Villager (Male) |
| 28:07 | Build | Farm |
| 28:25 | Build | Farm |
| 28:31 | Create | Villager (Male) |
| 28:31 | Create | Villager (Male) |
| 28:31 | Create | Villager (Male) |
| 28:37 | Build | Farm |
| 28:55 | Create | Villager (Male) |
| 28:55 | Create | Villager (Male) |
| 29:39 | Build | Castle |
| 30:03 | Create | Knight |
| 30:03 | Create | Knight |
| 30:03 | Create | Knight |
| 30:09 | Create | Villager (Male) |
| 30:09 | Create | Villager (Male) |
| 30:58 | Build | Mining Camp |
| 31:11 | Create | Villager (Male) |
| 31:11 | Create | Villager (Male) |
| 31:12 | Create | Villager (Male) |
| 31:13 | Create | Villager (Male) |
| 32:00 | Build | Castle |
| 32:28 | Create | War Elephant |
| 32:32 | Create | Knight |
| 32:32 | Create | Knight |
Build order — 236223212
73 actions detected in the replay
| 0:08 | Build | House |
| 0:11 | Build | House |
| 0:13 | Create | Villager (Male) |
| 0:13 | Create | Villager (Male) |
| 0:13 | Create | Villager (Male) |
| 0:27 | Create | Villager (Male) |
| 0:27 | Create | Villager (Male) |
| 1:28 | Create | Villager (Male) |
| 1:28 | Create | Villager (Male) |
| 2:35 | Create | Villager (Male) |
| 2:35 | Create | Villager (Male) |
| 2:35 | Create | Villager (Male) |
| 2:35 | Create | Villager (Male) |
| 3:07 | Build | Mill |
| 3:11 | Create | Villager (Male) |
| 4:27 | Create | Villager (Male) |
| 4:27 | Create | Villager (Male) |
| 4:27 | Create | Villager (Male) |
| 4:34 | Build | Lumber Camp |
| 4:39 | Create | Villager (Male) |
| 5:47 | Create | Villager (Male) |
| 5:47 | Create | Villager (Male) |
| 5:55 | Build | House |
| 6:25 | Build | Mill |
| 6:35 | Create | Villager (Male) |
| 7:31 | Create | Villager (Male) |
| 7:31 | Create | Villager (Male) |
| 7:31 | Create | Villager (Male) |
| 7:31 | Create | Villager (Male) |
| 9:02 | Build | Farm |
| 9:12 | Build | Farm |
| 9:19 | Create | Villager (Male) |
| 9:26 | Build | Farm |
| 9:27 | Build | Farm |
| 9:28 | Build | Farm |
| 9:38 | Research | Feudal Age |
| 9:59 | Research | Loom |
| 10:00 | Create | Villager (Male) |
| 10:36 | Build | Farm |
| 10:49 | Build | Mining Camp |
| 11:11 | Create | Villager (Male) |
| 11:11 | Create | Villager (Male) |
| 11:54 | Age | Feudal Age |
| 12:03 | Build | Market |
| 12:05 | Build | Blacksmith |
| 12:40 | Build | Farm |
| 12:41 | Build | Farm |
| 13:25 | Build | Farm |
| 13:28 | Build | Farm |
| 14:07 | Research | Castle Age |
| 14:07 | Research | Castle Age |
| 14:20 | Build | Mining Camp |
| 14:40 | Research | Double-Bit Axe |
| 14:40 | Research | Double-Bit Axe |
| 15:27 | Build | Lumber Camp |
| 15:36 | Create | Villager (Male) |
| 15:36 | Create | Villager (Male) |
| 15:46 | Build | House |
| 15:48 | Build | House |
| 15:52 | Build | House |
| 15:54 | Build | House |
| 16:11 | Create | Villager (Male) |
| 16:22 | Research | Stone Mining |
| 16:23 | Research | Stone Mining |
| 16:43 | Build | House |
| 16:47 | Age | Castle Age |
| 17:06 | Build | House |
| 18:07 | Create | Villager (Male) |
| 18:08 | Create | Villager (Male) |
| 18:24 | Build | Mining Camp |
| 18:53 | Create | Villager (Male) |
| 19:23 | Build | Mining Camp |
| 20:09 | Create | Villager (Male) |
Build order — nicolunabustelo
First 150 of 195 actions detected
| 0:03 | Create | Villager (Male) |
| 0:03 | Create | Villager (Male) |
| 0:04 | Create | Villager (Male) |
| 0:05 | Build | House |
| 0:06 | Build | House |
| 0:09 | Create | Villager (Male) |
| 0:09 | Create | Villager (Male) |
| 1:29 | Create | Villager (Male) |
| 1:30 | Create | Villager (Male) |
| 1:30 | Create | Villager (Male) |
| 2:09 | Create | Villager (Male) |
| 2:32 | Create | Villager (Male) |
| 2:33 | Create | Villager (Male) |
| 2:33 | Create | Villager (Male) |
| 2:43 | Build | Mill |
| 3:04 | Create | Villager (Male) |
| 3:04 | Create | Villager (Male) |
| 3:07 | Create | Villager (Male) |
| 3:08 | Create | Villager (Male) |
| 3:16 | Build | House |
| 3:56 | Create | Villager (Male) |
| 3:57 | Create | Villager (Male) |
| 4:00 | Create | Villager (Male) |
| 4:41 | Build | Lumber Camp |
| 4:47 | Create | Villager (Male) |
| 4:47 | Create | Villager (Male) |
| 4:47 | Create | Villager (Male) |
| 5:08 | Create | Villager (Male) |
| 5:09 | Create | Villager (Male) |
| 5:36 | Create | Villager (Male) |
| 5:36 | Create | Villager (Male) |
| 5:37 | Create | Villager (Male) |
| 5:46 | Create | Villager (Male) |
| 5:47 | Create | Villager (Male) |
| 5:47 | Create | Villager (Male) |
| 5:47 | Create | Villager (Male) |
| 6:16 | Create | Villager (Male) |
| 6:16 | Create | Villager (Male) |
| 6:27 | Build | House |
| 6:58 | Build | House |
| 7:32 | Build | Mining Camp |
| 8:10 | Create | Villager (Male) |
| 8:12 | Create | Villager (Male) |
| 8:42 | Build | Mill |
| 9:03 | Create | Villager (Male) |
| 9:23 | Research | Feudal Age |
| 9:53 | Build | House |
| 10:32 | Build | Palisade Wall |
| 10:54 | Build | Barracks |
| 10:59 | Build | Palisade Wall |
| 11:34 | Build | Palisade Wall |
| 11:38 | Age | Feudal Age |
| 11:51 | Build | Blacksmith |
| 11:55 | Build | House |
| 12:06 | Research | Double-Bit Axe |
| 12:10 | Create | Villager (Male) |
| 12:11 | Create | Villager (Male) |
| 12:43 | Create | Spearman |
| 12:45 | Create | Spearman |
| 12:46 | Create | Villager (Male) |
| 13:23 | Create | Villager (Male) |
| 13:31 | Build | Archery Range |
| 13:49 | Build | Outpost |
| 13:55 | Build | Outpost |
| 13:59 | Create | Villager (Male) |
| 14:04 | Research | Horse Collar |
| 14:06 | Create | Villager (Male) |
| 14:22 | Create | Archer |
| 14:23 | Create | Skirmisher |
| 14:28 | Create | Villager (Male) |
| 14:31 | Create | Archer |
| 15:00 | Build | Lumber Camp |
| 15:18 | Build | Farm |
| 15:44 | Build | Farm |
| 15:44 | Build | Farm |
| 15:44 | Build | Farm |
| 15:45 | Build | Farm |
| 15:45 | Build | Farm |
| 15:45 | Build | Farm |
| 15:45 | Build | Farm |
| 15:45 | Build | Farm |
| 15:46 | Build | Farm |
| 15:46 | Build | Farm |
| 16:02 | Build | House |
| 16:03 | Build | House |
| 16:20 | Build | Market |
| 16:25 | Research | Town Watch |
| 16:28 | Build | Farm |
| 17:03 | Build | Farm |
| 17:12 | Research | Castle Age |
| 17:23 | Build | Palisade Wall |
| 17:29 | Build | Palisade Wall |
| 17:33 | Build | Palisade Gate |
| 17:55 | Build | Palisade Wall |
| 18:05 | Build | Palisade Wall |
| 18:21 | Research | Fletching |
| 18:22 | Research | Scale Mail Armor |
| 19:20 | Build | Mining Camp |
| 19:28 | Create | Villager (Male) ×3 |
| 19:36 | Build | Lumber Camp |
| 19:49 | Build | Palisade Wall |
| 19:52 | Age | Castle Age |
| 19:57 | Research | Elite Skirmisher (upgrade) |
| 20:31 | Build | Town Center |
| 21:06 | Research | Padded Archer Armor |
| 21:10 | Create | Skirmisher |
| 21:10 | Create | Skirmisher |
| 21:11 | Create | Skirmisher |
| 21:27 | Create | Villager (Male) ×4 |
| 21:30 | Build | Farm |
| 21:30 | Build | Farm |
| 21:30 | Build | Farm |
| 21:30 | Build | Farm |
| 21:31 | Build | Farm |
| 21:41 | Create | Villager (Male) |
| 21:50 | Build | Farm |
| 21:53 | Create | Villager (Male) |
| 21:53 | Create | Villager (Male) |
| 21:55 | Build | Farm |
| 21:57 | Build | Farm |
| 21:59 | Build | Farm |
| 22:10 | Create | Trade Cart |
| 22:46 | Create | Villager (Male) |
| 22:50 | Create | Villager (Male) |
| 22:50 | Create | Villager (Male) |
| 22:56 | Create | Villager (Male) |
| 23:16 | Research | Bow Saw |
| 23:23 | Build | House |
| 23:24 | Build | House |
| 23:26 | Build | House |
| 23:28 | Build | House |
| 23:33 | Create | Villager (Male) |
| 23:33 | Create | Villager (Male) |
| 23:43 | Build | Farm |
| 23:46 | Build | Farm |
| 23:53 | Build | Farm |
| 23:57 | Create | Villager (Male) |
| 23:59 | Create | Villager (Male) |
| 24:01 | Create | Villager (Male) |
| 24:01 | Create | Villager (Male) |
| 24:30 | Build | Town Center |
| 24:40 | Create | Villager (Male) |
| 25:04 | Create | Villager (Male) |
| 25:05 | Create | Villager (Male) |
| 25:07 | Create | Villager (Male) |
| 25:09 | Create | Villager (Male) |
| 25:10 | Create | Villager (Male) |
| 25:11 | Create | Villager (Male) |
| 25:30 | Build | Farm |
| 25:31 | Build | Farm |
Match timeline
| 7:23 | Reegz · first_building Barracks |
| 8:18 | Lubuntu10.04LTS · first_building Barracks |
| 9:50 | cruy · wall_segment Palisade Wall x6 |
| 10:32 | nicolunabustelo · wall_segment Palisade Wall x5 |
| 10:35 | cruy · age_up feudal |
| 10:54 | nicolunabustelo · first_building Barracks |
| 10:59 | nicolunabustelo · wall_segment Palisade Wall x13 |
| 11:07 | 打你芭芭有违孝道 · age_up feudal |
| 11:07 | cruy · wall_segment Palisade Wall x5 |
| 11:13 | cruy · wall_segment Palisade Wall x12 |
| 11:34 | nicolunabustelo · wall_segment Palisade Wall x5 |
| 11:35 | Reegz · age_up feudal |
| 11:38 | nicolunabustelo · age_up feudal |
| 11:44 | Reegz · first_building Stable |
| 11:54 | 236223212 · age_up feudal |
| 12:07 | Umbra · age_up feudal |
| 12:23 | Lubuntu10.04LTS · wall_segment Palisade Wall x2 |
| 12:28 | Lubuntu10.04LTS · wall_segment Palisade Wall x3 |
| 12:44 | Wannabes薬 · age_up feudal |
| 12:52 | Wannabes薬 · first_building Barracks |
| 13:31 | nicolunabustelo · first_building Archery Range |
| 13:33 | Lubuntu10.04LTS · wall_segment Palisade Wall x11 |
| 13:46 | Reegz · wall_segment Palisade Wall x7 |
| 14:10 | Lubuntu10.04LTS · age_up feudal |
| 14:37 | Umbra · first_building Barracks |
| 15:10 | Lubuntu10.04LTS · wall_segment Palisade Wall x10 |
| 16:47 | 236223212 · age_up castle |
| 17:02 | 打你芭芭有违孝道 · first_building Barracks |
| 17:23 | nicolunabustelo · wall_segment Palisade Wall x10 |
| 17:29 | nicolunabustelo · wall_segment Palisade Wall x23 |
| 17:55 | nicolunabustelo · wall_segment Palisade Wall x18 |
| 18:00 | Lubuntu10.04LTS · first_building Stable |
| 18:02 | Umbra · first_building Archery Range |
| 18:05 | nicolunabustelo · wall_segment Palisade Wall x12 |
| 18:54 | Reegz · first_market_sell 100 wood |
| 19:06 | Reegz · age_up castle |
| 19:14 | 打你芭芭有违孝道 · wall_segment Stone Wall x31 |
| 19:49 | nicolunabustelo · wall_segment Palisade Wall x10 |
| 19:52 | nicolunabustelo · age_up castle |
| 19:56 | cruy · age_up castle |
| 20:14 | 打你芭芭有违孝道 · wall_segment Stone Wall x32 |
| 20:29 | 236223212 · resign |
| 21:03 | 打你芭芭有违孝道 · age_up castle |
| 21:08 | cruy · first_market_buy 100 stone |
| 21:09 | Wannabes薬 · first_market_buy 100 food |
| 21:28 | cruy · first_building Castle |
| 21:29 | Lubuntu10.04LTS · age_up castle |
| 22:15 | 打你芭芭有违孝道 · first_building Monastery |
| 23:53 | Wannabes薬 · age_up castle |
| 23:55 | 打你芭芭有违孝道 · wall_segment Stone Wall x10 |
| 24:25 | nicolunabustelo · first_market_buy 100 stone |
| 24:32 | Umbra · age_up castle |
| 24:36 | Umbra · first_building Monastery |
| 24:51 | 打你芭芭有违孝道 · first_building Castle |
| 25:03 | Reegz · first_market_buy 100 stone |
| 25:08 | Reegz · first_building Castle |
| 25:40 | cruy · first_building Monastery |
| 26:07 | nicolunabustelo · wall_segment Palisade Wall x10 |
| 26:57 | Wannabes薬 · first_building Castle |
| 27:49 | cruy · first_building Barracks |
| 30:10 | Wannabes薬 · first_market_sell 100 wood |
| 30:13 | Lubuntu10.04LTS · first_building Siege Workshop |
| 30:22 | Lubuntu10.04LTS · first_building Monastery |
| 31:54 | Wannabes薬 · first_building Archery Range |
| 32:17 | Umbra · wall_segment Stone Wall x21 |
| 32:41 | cruy · first_market_sell 500 food |
| 33:30 | 打你芭芭有违孝道 · first_building Siege Workshop |
| 33:36 | Wannabes薬 · age_up imperial |
| 34:26 | nicolunabustelo · first_building Monastery |
[ AI ANALYSIS · 1 CREDIT ]
What really happened in this match?
Wolo.gg analyzes every decision: build order, eco, micro, common mistakes by bracket. Personalized analysis on WhatsApp or Discord in 30 seconds.
Civ guide
Vietnamese
Map guide
Mountain Ridge
Perfil
Umbra